AoeStats
← miguelon01

Fortress

507928943Analyzed
4v4 RM · 12d ago on Sep 20, 2026· 79m 41s· 8 players
Game mode
Random Map
Map size
Huge
Population
200
Speed
Normal
Resources
Standard
Victory
Conquest
Starting age
Dark Age
Ending age
Imperial Age
RankedLock teamsTeams togetherTeam positionsShared explorationLock speedFull tech treeHidden civsTurbo modeCheats
Victory
Defeat
🇧🇷 Burgundians · Brazil
1160
+16
🇭🇰 Khitans · Hong Kong SAR China
1127
+17
🇭🇰 Romans · Hong Kong SAR China
1107
+18
🇨🇳 Teutons · China
1103
+19
🇭🇺 Lithuanians · Hungary
1175
-18
🇹🇼 Khmer · Taiwan
1163
-18
🇬🇷 Huns · Greece
1154
-17
🇹🇷 Chinese · Türkiye
1140
-17
Skafoid
0:42 Loom
7:32 Feudal Age
13:26 Castle Age
14:07 Double-Bit Axe
15:41 Town Watch
18:46 Gold Mining
18:47 Stone Mining
30:11 Ballistics
30:53 Wheelbarrow
30:18 Town Patrol
31:08 Caravan
31:44 Fortified Wall
32:18 Bow Saw
31:53 Horse Collar
32:22 Fletching
36:12 Imperial Age
35:05 Bodkin Arrow
35:51 Gold Shaft Mining
35:06 Stone Mining
36:10 Thumb Ring
35:26 Crossbowman
35:31 Pikeman
36:11 Squires
35:56 Arson
38:34 Rocketry
37:35 Heavy Rocket Cart
38:31 Bracer
39:25 Stone Shaft Mining
40:02 Two-Man Saw
41:05 Hand Cart
40:51 Town Patrol
40:38 Arbalester
43:02 Chemistry
42:36 Elite Chu Ko Nu
43:14 Elite Fire Lancer
43:39 Elite Skirmisher
45:39 Heavy Plow
49:45 Heavy Plow
50:51 Halberdier
51:56 Masonry
53:57 Padded Archer Armor
53:59 Scale Mail Armor
54:09 Forging
54:05 Scale Barding Armor
57:25 Leather Archer Armor
57:30 Chain Barding Armor
57:26 Chain Mail Armor
57:48 Iron Casting
58:24 Capped Ram
61:29 Siege Ram
64:09 Coinage
66:36 Banking
76:43 Architecture
76:45 Plate Mail Armor
77:15 Blast Furnace
76:46 Ring Archer Armor
76:37 Chain Barding Armor
Doppinger
4:08 Loom
6:35 Feudal Age
7:43 Horse Collar
12:04 Castle Age
10:10 Double-Bit Axe
13:31 Wheelbarrow
14:39 Bow Saw
20:29 Heavy Plow
20:21 Gold Mining
21:03 Stone Mining
21:46 Ballistics
21:45 Fortified Wall
22:45 Caravan
23:42 Bloodlines
23:47 Husbandry
24:13 Light Cavalry
26:02 Scale Barding Armor
26:07 Forging
27:55 Hand Cart
30:54 Imperial Age
30:04 Iron Casting
29:19 Treadmill Crane
29:50 Masonry
29:36 Murder Holes
29:41 Fletching
30:18 Chain Barding Armor
31:00 Cavalier
31:39 Bodkin Arrow
32:15 Guilds
32:35 Coinage
32:29 Conscription
32:28 Paladin
34:18 Plate Barding Armor
35:29 Banking
34:22 Winged Hussar
35:55 Bracer
35:56 Scale Mail Armor
39:51 Chain Mail Armor
43:22 Pikeman
44:02 Squires
44:05 Padded Archer Armor
45:44 Hoardings
54:39 Architecture
55:10 Chemistry
54:23 Arson
54:07 Halberdier
57:14 Tower Shields
64:25 Capped Ram
boo
7:45 Feudal Age
12:05 Castle Age
10:03 Double-Bit Axe
10:01 Horse Collar
13:28 Bow Saw
20:04 Wheelbarrow
20:01 Heavy Plow
22:53 Gold Mining
25:55 Imperial Age
24:25 Marauders
24:41 Caravan
25:01 Husbandry
25:12 Bloodlines
25:11 Scale Barding Armor
25:31 Scale Mail Armor
25:42 Forging
27:42 Gold Shaft Mining
28:05 Chain Barding Armor
28:02 Chain Mail Armor
29:21 Iron Casting
29:23 Plate Barding Armor
29:30 Elite Skirmisher
30:17 Thumb Ring
31:43 Hand Cart
33:47 Blast Furnace
34:14 Padded Archer Armor
34:05 Fletching
35:48 Leather Archer Armor
37:37 Cavalier
38:49 Bodkin Arrow
39:32 Bracer
41:21 Paladin
46:51 Ballistics
48:13 Chemistry
52:46 Guilds
53:07 Coinage
52:42 Capped Ram
53:50 Siege Ram
64:10 Conscription
一杯冰美式
1:36 Loom
7:37 Feudal Age
11:00 Castle Age
8:50 Horse Collar
9:24 Double-Bit Axe
12:20 Bow Saw
12:12 Heavy Plow
12:35 Gold Mining
15:23 Gold Shaft Mining
15:48 Town Watch
16:39 Wheelbarrow
15:50 Loom
22:00 Imperial Age
22:53 Hand Cart
23:08 Conscription
23:57 Husbandry
24:07 Bloodlines
25:07 Crop Rotation
24:49 Stone Mining
26:20 Scale Barding Armor
27:17 Double Crossbow
27:55 Chain Barding Armor
29:20 Plate Barding Armor
28:10 Elite Ballista Elephant
30:37 Ballistics
31:29 Chemistry
30:54 Ballistics
32:11 Caravan
49:52 Town Patrol
ryan199312
7:15 Feudal Age
9:10 Double-Bit Axe
13:14 Castle Age
11:50 Horse Collar
12:49 Wheelbarrow
12:28 Loom
17:34 Bow Saw
17:53 Heavy Plow
18:06 Scale Mail Armor
18:34 Loom
23:18 Hand Cart
23:31 Gold Mining
23:35 Stone Mining
27:39 Imperial Age
26:15 Gold Shaft Mining
27:18 Scale Barding Armor
27:23 Forging
27:21 Ballistas
28:02 Town Watch
28:42 Conscription
28:44 Comitatenses
28:19 Heavy Scorpion
28:50 Pikeman
29:46 Elite Centurion
30:53 Squires
30:13 Man-at-Arms
31:17 Chain Barding Armor
31:32 Iron Casting
31:45 Siege Engineers
31:26 Long Swordsman
33:45 Chain Mail Armor
35:53 Blast Furnace
35:29 Plate Barding Armor
36:30 Chemistry
35:50 Ballistics
36:37 Legionary
38:07 Caravan
38:25 Fletching
39:29 Bodkin Arrow
40:52 Padded Archer Armor
43:46 Crop Rotation
43:13 Halberdier
46:17 Ballistics
48:38 Town Patrol
55:43 Light Cavalry
56:34 Bloodlines
56:25 Husbandry
666
8:21 Feudal Age
8:51 Double-Bit Axe
8:48 Horse Collar
13:59 Castle Age
14:42 Wheelbarrow
16:37 Bow Saw
16:53 Gold Mining
21:08 Hand Cart
26:41 Imperial Age
23:58 Loom
24:43 Town Watch
25:13 Forging
25:09 Scale Barding Armor
26:08 Caravan
27:26 Iron Casting
27:12 Chain Barding Armor
27:38 Bloodlines
27:34 Town Patrol
27:35 Heavy Plow
28:08 Stone Mining
27:41 Cavalier
29:24 Blast Furnace
29:46 Crop Rotation
29:56 Plate Barding Armor
29:05 Paladin
30:42 Scale Mail Armor
33:18 Two-Man Saw
36:49 Capped Ram
56:12 Chain Mail Armor
55:56 Onager
57:02 Ironclad
58:37 Siege Onager
miguelon01
2:29 Double-Bit Axe
3:38 Horse Collar
5:34 Gold Mining
8:03 Wheelbarrow
10:09 Feudal Age
14:58 Castle Age
13:57 Forging
15:06 Gold Shaft Mining
15:55 Scale Mail Armor
19:03 Pikeman
22:14 Chain Mail Armor
22:29 Loom
25:39 Stone Mining
26:01 Bow Saw
25:52 Heavy Plow
29:28 Imperial Age
29:20 Squires
30:10 Iron Casting
30:14 Fortified Wall
30:05 Arson
29:46 Halberdier
33:16 Scale Barding Armor
35:01 Plate Mail Armor
35:43 Cavalier
36:24 Husbandry
36:09 Light Cavalry
38:36 Fletching
39:09 Ballistics
39:16 Bodkin Arrow
40:41 Two-Man Saw
40:43 Stone Shaft Mining
40:25 Elite Skirmisher
42:13 Paladin
42:14 Hussar
44:25 Chemistry
43:06 Treadmill Crane
44:35 Chain Barding Armor
45:54 Padded Archer Armor
52:45 Plate Barding Armor
58:57 Leather Archer Armor
64:39 Burgundian Vineyards
66:04 Blast Furnace
65:05 Bracer
75:50 Capped Ram
77:59 Masonry
Chuck
7:25 Feudal Age
9:14 Double-Bit Axe
11:58 Castle Age
10:39 Gold Mining
10:45 Domestication
10:55 Loom
13:17 Bow Saw
14:08 Fletching
16:25 Pastoralism
19:07 Bodkin Arrow
19:51 Wheelbarrow
19:51 Stone Mining
20:57 Bodkin Arrow
21:46 Stone Shaft Mining
22:43 Hand Cart
23:32 Padded Archer Armor
24:25 Town Watch
25:11 Scale Mail Armor
26:14 Town Patrol
30:16 Imperial Age
27:51 Husbandry
28:08 Light Cavalry
29:03 Forging
29:10 Leather Archer Armor
29:05 Thumb Ring
28:22 Heavy Cavalry Archer
30:10 Scale Barding Armor
31:12 Iron Casting
31:20 Conscription
31:15 Bracer
33:27 Chemistry
32:48 Ballistics
33:50 Two-Man Saw
32:46 Elite Fire Lancer
33:43 Masonry
34:37 Chain Barding Armor
36:02 Chain Mail Armor
36:57 Plate Barding Armor
36:36 Squires
36:19 Capped Ram
37:20 Caravan
38:03 Parthian Tactics
37:02 Elite Skirmisher
37:42 Arson
37:38 Siege Ram
39:01 Gambesons
41:04 Plate Mail Armor
45:14 Siege Engineers
46:30 Hussar
48:39 Pikeman
53:04 Heavy Camel Rider
53:21 Elite Steppe Lancer
55:41 Ring Archer Armor
68:11 Ordo Cavalry
68:15 Lamellar Armor
68:49 Elite Liao Dao
76:58 Heavy Camel Rider
Connection lost

Rejoining the realm…

Still unreachable

The connection could not be restored.

Session expired

The server has moved on; the page needs a fresh start.